 Dungeon Crawl Stone Soup version bcrawl-1.19.1 (webtiles) character file.

Game seed: 11131298440489520909

996 Freyura the Chopper (level 7, 0/44 HPs)
             Began as a Skeleton Gladiator on Nov 28, 2019.
             Was an Initiate of Okawaru.
             Slain by a wight
             ... wielding a +0 falchion
              (2 damage)
             ... on level 6 of the Dungeon.
             The game lasted 00:16:21 (5045 turns).

Freyura the Chopper (Skeleton Gladiator)            Turns: 5045, Time: 00:16:22

Health: 0/44       AC: 10    Str: 18 (20) XL:     7   Next: 99%
Magic:  0/7        EV: 13    Int:  5 (7)  God:    Okawaru [......]
Gold:   65         SH:  0    Dex: 11 (12) Spells: 6/6 levels left

rFire    . . .     SeeInvis .   b - +1 executioner's axe
rCold    + . .     Gourm    .   (shield currently unavailable)
rNeg     + + +     Faith    .   g - +0 ring mail
rPois    ∞         Spirit   +   c - +1 helmet
rElec    .         Reflect  .   p - +1 cloak
rCorr    .         Harm     .   (no gloves)
MR       +....                  (no boots)
Stlth    +.........             (no amulet)
HPRegen  0.14/turn              (no ring)
MPRegen  0.10/turn              (no ring)

@: no status effects
A: no food or potions, cold resistance 1, deterioration 1, negative energy
resistance 3, powered by death 1, torment resistance, unbreathing, magic shield,
sturdy frame 1, spell healing
a: Renounce Religion


You were on level 6 of the Dungeon.
You worshipped Okawaru.
Okawaru was noncommittal.
You were not hungry.

You visited 2 branches of the dungeon, and saw 7 of its levels.
You also visited: Sewer.

You collected 255 gold pieces.
You spent 190 gold pieces at shops.

Inventory:

Hand Weapons
 a - a +0 war axe
 b - a +1 executioner's axe (weapon)
Missiles
 d - 3 throwing nets (quivered) {!f}
Armour
 c - a +1 helmet (worn)
 f - a +0 plate armour
 g - a +0 ring mail (worn)
 h - a +0 cloak
 p - a +1 cloak (worn)
Wands
 e - a wand of flame (8)
 j - a wand of digging (6)
Scrolls
 k - 4 scrolls of fear
 l - a scroll of teleportation
 n - 2 scrolls of remove curse
 o - 2 scrolls of identify


   Skills:
 + Level 4.4 Fighting
 * Level 7.9 Axes
 - Level 1.7 Throwing
 + Level 4.3 Armour
 + Level 5.0 Dodging


You had 6 spell levels left.
You didn't know any spells.
Your spell library contained the following spells:

 Spells                   Type           Power        Failure   Level  Hunger
 Summon Small Mammal      Summ           #...         56%         1    N/A
 Call Imp                 Summ           #.....       71%         2    N/A
 Call Canine Familiar     Summ           #.......     91%         3    N/A
 Summon Ice Beast         Ice/Summ       #.......     100%        4    N/A
 Summon Lightning Spire   Summ/Air       #.......     100%        5    N/A

Dungeon Overview and Level Annotations

Branches:
Dungeon (6/12)             Temple (1/1) D:5

Altars:
Dithmenos
Elyvilon
Fedhas
Hepliaklqana
Kikubaaqudgha
Lugonu
Nemelex Xobeh
Okawaru
Ru
Uskayaw
Xom
Yredelemnul
The Shining One

Shops:
D:4 *

Annotations:
D:6 Dowan, Duvessa


Innate Abilities, Weirdness & Mutations

You do not eat or drink.
You are immune to poison.
Your flesh is cold resistant. (rC+)
Your body sometimes deteriorates upon taking damage.
You are immune to negative energy. (rN+++)
You regenerate a little health from kills.
You are immune to unholy pain and torment.
You can survive without breathing.
When hurt, damage is shared between your health and your magic reserves.
Your movements are slightly less encumbered by armour. (ER -2)
Casting spells heals you.


Message History

Okawaru accepts your kill. The wight hits you with a +0 falchion.
* * * LOW HITPOINT WARNING * * *
You completely miss the wight. The wight barely misses you.
You barely miss the wight. The wight barely misses you.
The wight completely misses you.
You barely miss the wight. The wight hits you with a +0 falchion.
* * * LOW HITPOINT WARNING * * *
You hit the wight.
The wight is moderately damaged.
The wight barely misses you.
You hit the wight.
The wight is heavily damaged.
The wight hits you with a +0 falchion.
* * * LOW HITPOINT WARNING * * *
The wight completely misses you.
You barely miss the wight.
The wight is heavily damaged.
The wight hits you with a +0 falchion.
You die... #. #.## ##. ...# ##... .... #....
K... #.############.#....# .K.. #.....zDz@.....# ... .KK ######z######### #.#.#.# #.# #.Z.<.# ##z## .....Z.### #DZz#

##.##..
#....#......
....
#.....#...##...
..#..
####..##.#.
.......... #..
.#.# .........


You could see a steam dragon and 3 wights.

Vanquished Creatures
  2 ice beasts
  A centaur (D:5)
  A bullfrog (D:5)
  A scorpion (D:4)
  A wight (D:6)
  A bullfrog zombie (D:6)
  3 hounds (D:4)
  Crazy Yiuf (D:2)
  An orc wizard (D:4)
  2 iguanas
  Jessica (D:3)
  A worker ant (D:6)
  A howler monkey zombie (D:5)
  3 gnolls (D:5)
  8 adders
  A shadow imp (D:5)
  2 oozes
  An adder zombie (D:4)
  An adder skeleton (D:5)
  9 worms
  4 dart slugs
  4 leopard geckos
  9 orcs
  19 bats
  9 giant cockroaches
  6 goblins
  4 hobgoblins
  10 jackals
  2 quokkas
  A ball python (D:5)
  5 frilled lizards
  12 kobolds
  6 rats
133 creatures vanquished.

Notes
Turn   | Place    | Note
-------+----------+-------------------------------------------
     0 | D:1      | Freyura the Skeleton Gladiator began the quest for the Orb.
     0 | D:1      | Reached XP level 1. HP: 12/12 MP: 1/1
   425 | D:1      | Reached XP level 2. HP: 17/17 MP: 2/2
   428 | D:1      | Reached skill level 4 in Axes
   757 | D:1      | Reached skill level 1 in Armour
   972 | D:1      | Found a sparkling altar of Nemelex Xobeh.
  1003 | D:1      | Reached XP level 3. HP: 21/21 MP: 3/3
  1351 | D:2      | Found a runed door.
  1545 | D:2      | Reached XP level 4. HP: 27/27 MP: 4/4
  1935 | D:2      | Noticed Crazy Yiuf
  1941 | D:2      | Killed Crazy Yiuf
  1941 | D:2      | Reached skill level 5 in Axes
  2097 | D:3      | Noticed Jessica
  2102 | D:3      | Killed Jessica
  2135 | D:3      | Reached XP level 5. HP: 15/32 MP: 2/5
  2990 | D:4      | Found Jiulid's Assorted Antiques.
  3002 | D:4      | Reached skill level 6 in Axes
  3002 | D:4      | Gained mutation: You regenerate a little health from kills.
                  | [Skeleton growth]
  3002 | D:4      | Reached XP level 6. HP: 29/37 MP: 4/6
  3071 | D:4      | Noticed an ice beast
  3086 | D:4      | Killed an ice beast
  3307 | D:4      | Found a glowing drain.
  3355 | Sewer    | Entered a sewer
  3359 | Sewer    | Reached XP level 7. HP: 42/42 MP: 7/7
  3861 | D:5      | Entered Level 5 of the Dungeon
  3889 | D:5      | Found a blossoming altar of Fedhas.
  3903 | D:5      | Reached skill level 7 in Axes
  4128 | D:4      | Bought an executioner's axe for 190 gold pieces
  4225 | D:5      | Found a staircase to the Ecumenical Temple.
  4246 | Temple   | Entered the Ecumenical Temple
  4317 | Temple   | Became a worshipper of Warmaster Okawaru
  4961 | D:6      | Noticed Dowan
  4961 | D:6      | Noticed Duvessa
  5014 | D:6      | Noticed a steam dragon
  5022 | D:6      | Reached skill level 5 in Dodging
  5044 | D:6      | HP: 2/44 [wight/+0 falchion (2)]
  5045 | D:6      | Slain by a wight

Skill      XL: |  1  2  3  4  5  6  7 |
---------------+----------------------+-----
Axes           | 4 5 6 7 |  7.9
Armour         | 1 2 3 4 |  4.3
Fighting       | 3 4 |  4.4
Dodging        | 4 5 |  5.0
Throwing       | |  1.7

Action                   |  1- 3 |  4- 6 |  7- 9 || total
-------------------------+-------+-------+-------++-------
Melee: War axe           |   128 |   150 |    63 ||   341
       Executioner's axe |       |       |    68 ||    68
  Use: Scroll            |       |     4 |     4 ||     8
Armor: Leather armour    |    37 |     4 |       ||    41
       Ring mail         |       |    52 |    64 ||   116
Dodge: Dodged            |   116 |   129 |   121 ||   366
